 Dungeon Crawl Stone Soup version 0.31.0-11-ge490571c62 (webtiles) character file.

Game seed: 13254864165688182506

91 SigmundSlayer the Covered (level 4, -2/35 HPs)
             Began as a Formicid Fighter on Feb 2, 2024.
             Slain by an orc
             ... wielding a +0 flail
              (6 damage)
             ... on level 3 of the Dungeon.
             The game lasted 00:02:35 (1847 turns).

SigmundSlayer the Covered (Formicid Fighter)        Turns: 1847, Time: 00:02:35

Health: -2/35      AC:  7    Str: 23    XL:     4   Next: 87%
Magic:  4/4        EV:  9    Int:  7    God:
Gold:   70         SH:  5    Dex: 13    Spells: 3/3 levels left

rFire   . . .        a - +0 war axe
rCold   . . .        c - +0 buckler
rNeg    . . .        b - +0 scale mail
rPois   .            (helmet unavailable)
rElec   .            (no cloak)
rCorr   .            (no gloves)
SInv    +            (no boots)
Will    .....        (no amulet) Stlth
                     (no ring)
HPRegen 0.25/turn    (no ring)
MPRegen 0.09/turn

%: no passive effects
@: attractive
A: permanent stasis, dig shafts and tunnels, antennae 3, four strong arms
a: Dig, Shaft Self


You were on level 3 of the Dungeon.
You visited 1 branch of the dungeon, and saw 3 of its levels.

You collected 109 gold pieces.
You spent 39 gold pieces at shops.

Inventory:

Hand Weapons
 a - a +0 war axe (weapon)
Armour
 b - a +0 scale mail (worn)
 c - a +0 buckler (worn)
Magical Staves
 l - a staff of alchemy
Jewellery
 i - a ring of fire
Scrolls
 e - a scroll of immolation {unknown}
 f - a scroll of noise {unknown}
 h - 2 scrolls of identify {unknown}
 k - a scroll of teleportation {unknown}
Potions
 g - a potion of attraction
 j - a potion of magic {unknown}


   Skills:
 - Level 3.2 Fighting
 + Level 3.5 Axes
 + Level 4.6 Armour
 - Level 4.0 Shields


You had 3 spell levels left.
You didn't know any spells.
Your spell library contained the following spells:

 Spells                   Type           Power      Damage    Failure   Level
 Ensorcelled Hibernation  Hex/Ice        0%         N/A       90%         2
 Lesser Beckoning         Tloc           0%         N/A       90%         2
 Fugue of the Fallen      Necr           0%         N/A       99%         3
 Gell's Gravitas          Tloc           0%         N/A       99%         3
 Teleport Other           Tloc           0%         N/A       99%         3
 Anguish                  Hex/Necr       0%         N/A       100%        4


Dungeon Overview and Level Annotations

Branches:
Dungeon (3/15)

Altars:

Shops:
D:2 *


Innate Abilities, Weirdness & Mutations

You cannot be hasted, slowed, berserked, paralysed or teleported.
You can dig through walls and to a lower floor.
You have a pair of large antennae on your head. (SInv)
Your four strong arms can wield two-handed weapons with a shield.


Message History

The orc priest is lightly wounded.
You barely miss the orc. The orc closely misses you.
The orc priest looks braver for a moment.
A goblin comes into view. It is wielding a +0 club.
The orc misses you. The orc priest closely misses you.
You closely miss the orc priest.
The orc priest is lightly wounded.
You closely miss the orc.
The goblin shouts!
You block the orc's attack.
The orc priest hits you with a +0 hand axe.
* * * LOW HITPOINT WARNING * * *
You feel better. The orc completely misses you.
The orc priest hits you with a +0 hand axe.
You completely miss the orc priest.
The orc priest is lightly wounded.
You barely miss the goblin. You barely miss the orc.
You block the orc's attack. The orc priest closely misses you.
The goblin hits you with a +0 club.
You barely miss the orc priest.
The orc priest is lightly wounded.
You hit the goblin.
You kill the goblin!
You barely miss the orc. The orc closely misses you.
The orc priest completely misses you.
You hit the orc priest.
The orc priest is moderately wounded.
You barely miss the orc. The orc misses you. You block the orc priest's attack.
The orc hits you with a +0 flail.
The orc priest hits you with a +0 hand axe.
* * * LOW HITPOINT WARNING * * *
You hit the orc priest.
The orc priest is heavily wounded.
You closely miss the orc. The orc hits you with a +0 flail.
* * * LOW HITPOINT WARNING * * *
The orc priest barely misses you.
It was a potion of attraction.
You feel attractive to monsters. The orc hits you with a +0 flail.
You die...

###....### #.# #######.# ## #
##......#.############.######
#########
.....................#
......# #.#...........#####.#
#####.# #.##..........#
......# #.###.#########
####### #...)..# #######..#
#.....o@)#, #..<..o).......
#......#..##### .......'....
#...... .#.## #.##### ##.# #.
.. #.


You could see an orc priest and an orc.

Vanquished Creatures
  4 gnolls (D:2)
  3 dart slugs
  3 orcs (D:3)
  3 endoplasms
  5 giant cockroaches
  4 goblins
  3 hobgoblins
  2 ball pythons
  3 bats
  4 frilled lizards
  3 kobolds
  8 rats
45 creatures vanquished.

Notes
Turn   | Place    | Note
-------+----------+-------------------------------------------
     0 | D:1      | SigmundSlayer the Formicid Fighter began the quest for the
                  | Orb.
     0 | D:1      | Reached XP level 1. HP: 18/18 MP: 1/1
   210 | D:1      | Reached XP level 2. HP: 23/24 MP: 2/2
   734 | D:2      | Reached XP level 3. HP: 27/29 MP: 3/3
   908 | D:2      | Reached XP level 4. HP: 5/35 MP: 4/4
  1323 | D:2      | Found Ybreryle's General Store.
  1332 | D:2      | Bought a potion of curing for 39 gold pieces
  1847 | D:3      | Slain by an orc

Illustrated notes

Levels and vault maps discovered:
D:1:      lemuel_arrival_tunnels, layout_loops_ring, kennysheep_crisscross,
          chequers_hall_statues_wall_a, dreamdust_mushroom_princess
D:2:      layout_loops_ring, serial_shops, shop
D:3:      layout_basic, serial_aquarium, aquarium_bridge_square
          [aquarium_subvault_bridge, aquarium_subvault_balcony,
          aquarium_subvault_wall, aquarium_subvault_wall],
          aquarium_bridge_straight [aquarium_subvault_bridge,
          aquarium_subvault_window, aquarium_subvault_bridge,
          aquarium_subvault_wall], aquarium_window_1, aquarium_window_fake,
          aquarium_window_fake, aquarium_view_2c, aquarium_pool_corner

Skill      XL: |  1  2  3 |
---------------+----------+-----
Armour         | 4 |  4.6
Axes           | 3 |  3.5
Fighting       | |  3.2
Shields        | |  4.0

Action                     |  1- 3 |  4- 6 || total
---------------------------+-------+-------++-------
  Melee: War axe           |    61 |    55 ||   116
    Use: Potion            |     1 |     2 ||     3
 Armour: Scale mail        |    39 |    37 ||    76
  Dodge: Dodged            |    18 |    40 ||    58
  Block: Buckler           |    18 |    13 ||    31
